 Dungeon Crawl Stone Soup version 0.18.1-8-gdd0e5ea (webtiles) character file.

164 Krapule the Ducker (level 5, -2/22 HPs)
             Began as a Felid Transmuter on May 29, 2016.
             Killed by nerve-wracking pain
             ... invoked by an orc priest
              (7 damage)
             ... on level 4 of the Dungeon.
             The game lasted 00:18:57 (5428 turns).

Krapule the Ducker (Felid Transmuter)               Turns: 5428, Time: 00:18:58

Health: -2/22      AC:  5    Str:  7    XL:     5   Next: 21%
Magic:  8/10       EV: 23    Int: 15    God:
Gold:   274        SH:  0    Dex: 21    Spells: 2 memorised, 5 levels left
                                        Lives:  0   Deaths: 1

rFire  . . .     SeeInvis +       - Unarmed
rCold  . . .     Gourm    .     (armour unavailable)
rNeg   . . .     Faith    .     (shield unavailable)
rPois  .         Spirit   .     (helmet unavailable)
rElec  .         Dismiss  .     (cloak unavailable)
rCorr  .         Reflect  .     (gloves unavailable)
SustAt .         Harm     .     (boots unavailable)
MR     .....                    (no amulet)
Stlth  +++.......               o - +3 ring of protection
                                g - ring of poison resistance

@: spider-form (expiring), not resistant to hostile enchantments, fairly
stealthy
A: no armour, no weapons or thrown items, (claws 0), (fangs 0), see invisible,
carnivore 3, (speed 0), (shaggy fur 0), slow metabolism 1, (sharp paws)
a: End Transformation


You were on level 4 of the Dungeon.
You were full.
You were a venomous arachnid creature.
You visited 1 branch of the dungeon, and saw 4 of its levels.

You collected 274 gold pieces.

Inventory:

Missiles
 a - 26 arrows
Jewellery
 g - a ring of poison resistance (left front leg)
 o - a +3 ring of protection (right front leg)
Wands
 k - a wand of flame (19/48)
 q - a wand of random effects (24/48)
Scrolls
 e - a scroll of teleportation
 f - a scroll of magic mapping {unknown}
 p - a scroll of fear {unknown}
 s - a scroll of identify {unknown}
 t - a scroll of immolation {unknown}
Potions
 d - 2 potions of curing {unknown}
 h - 2 potions of haste {unknown}
 j - a potion of heal wounds {unknown}
 l - 2 potions of ambrosia {unknown}
 n - 3 potions of brilliance {unknown}
 r - a potion of degeneration {unknown}
 u - a potion of flight
Books
 b - a book of Changes

   Spells                             Type                      Level
   a - Beastly Appendage              Transmutation                1
   b - Sticks to Snakes               Transmutation                2
   c - Spider Form                    Transmutation/Poison         3
   d - Ice Form                       Ice/Transmutation            4
   e - Blade Hands                    Transmutation                5
 m - a book of Callings

   Spells                             Type                      Level
   a - Summon Small Mammal            Summoning                    1
   b - Call Imp                       Summoning                    2
   c - Call Canine Familiar           Summoning                    3
   d - Summon Guardian Golem          Hexes/Summoning              3
   e - Summon Lightning Spire         Summoning/Air                4
   f - Summon Ice Beast               Ice/Summoning                4
Miscellaneous
 i - a plain deck of wonders
Comestibles
 c - 2 meat rations


   Skills:
 + Level 2.0 Fighting
 + Level 4.0 Dodging
 + Level 2.7 Stealth
 + Level 3.6 Unarmed Combat
 + Level 2.7 Spellcasting
 * Level 3.7 Transmutations


You had 5 spell levels left.
You knew the following spells:

 Your Spells              Type           Power        Failure   Level  Hunger
a - Beastly Appendage     Trmt           ##....       17%         1    #......
b - Spider Form           Trmt/Pois      #.........   52%         3    ###....


Dungeon Overview and Level Annotations

Branches:
Dungeon (4/15)
 Temple: D:4-7

Altars:
Nemelex Xobeh
Xom
Yredelemnul
The Shining One


Innate Abilities, Weirdness & Mutations

You cannot wear armour.
You are incapable of wielding weapons or throwing items.
((You have sharp claws.))
((You have razor-sharp teeth.))
You have supernaturally acute eyesight.
You are carnivorous and can eat meat at any time.
((You cover ground quickly.))
((You are covered in fur (AC +1).))
You have a slow metabolism.
((Your sharp claws are effective at attacking unaware monsters.))


Message History

The orc priest shouts!
The orc shouts!
The orc wizard shouts!
The orc shouts!
You hear a shout!
The orc moves out of view.
The orc priest mumbles some strange prayers to Beogh against you.
Beogh smites you!
Ouch! That really hurt!
* * * LOW HITPOINT WARNING * * *
The orc wizard casts a spell at you. The magic dart hits you!
* * * LOW HITPOINT WARNING * * *
You hit the orc priest.
The orc priest is lightly wounded.
The orc priest casts a cantrip, but nothing happens.
The orc priest miscasts a cantrip.
Your transformation is almost over.
The orc wizard mumbles some strange words.
The orc wizard flickers and vanishes for a moment.
The orc priest calls down the wrath of Beogh upon you.
Pain shoots through your body!
You die...

#......# #......# #......#
#......# #......# ########
#......# ......# ##
#......## ......# #..
##.##...## .....#
#...##.####s.#### .....#
#......#####....#####..#
#............##........#
#####.#####..########>.#####
#.# ##.o#### #....... #.#
#..oo..#####....... ...
#.............g..## ...
#......#####..#.... >...
#......)###.....##.


You could see an orc priest, an orc wizard (invisible) and an orc.

Vanquished Creatures
  A jelly (D:4)
  5 gnolls
  3 adders
  2 oozes
  An adder zombie (D:3)
  3 dart slugs
  2 giant geckos
  An orc (D:3)
  3 giant cockroaches
  2 goblins (D:1)
  9 hobgoblins
  4 jackals (D:3)
  10 kobolds
  3 quokkas
  4 ball pythons
  4 bats
  6 giant newts
  14 rats
77 creatures vanquished.

Vanquished Creatures (others)
  5 sheep (D:3)
5 creatures vanquished.

Grand Total: 82 creatures vanquished

Notes
Turn   | Place    | Note
--------------------------------------------------------------
     0 | D:1      | Krapule the Felid Transmuter began the quest for the Orb.
     0 | D:1      | Reached XP level 1. HP: 9/9 MP: 4/4
   865 | D:1      | Reached XP level 2. HP: 12/12 MP: 6/6
   945 | D:1      | Reached skill level 3 in Dodging
   945 | D:1      | Reached skill level 1 in Stealth
  1755 | D:1      | Reached XP level 3. HP: 15/15 MP: 7/7
  1766 | D:1      | Found a sparkling altar of Nemelex Xobeh.
  2082 | D:2      | Learned a level 3 spell: Spider Form
  2518 | D:2      | Reached XP level 4. HP: 1/19 MP: 6/8
  2911 | D:2      | Succumbed to an adder's poison
  2912 | D:2      | Reached XP level 3. HP: 0/22 MP: 4/7
  4064 | D:3      | Reached XP level 4. HP: 19/19 MP: 8/8
  4073 | D:3      | Found a basalt altar of Yredelemnul.
  4082 | D:3      | Found a glowing golden altar of the Shining One.
  4530 | D:3      | Found a shimmering altar of Xom.
  4750 | D:3      | Noticed an angel
  5127 | D:4      | Reached skill level 4 in Dodging
  5172 | D:4      | Reached XP level 5. HP: 5/22 MP: 8/10
  5428 | D:4      | Killed from afar by an orc priest

Skill      XL: |  1  2  3  4 |
---------------+-------------+-----
Dodging        | 3 4 |  4.0
Stealth        | 1 2 |  2.7
Transmutations | 3 |  3.7
Fighting       | 2 |  2.0
Unarmed Combat | |  3.6
Spellcasting   | |  2.7

Action                   |  1- 3 |  4- 6 || total
-------------------------+-------+-------++-------
Melee: Unarmed           |   141 |    89 ||   230
       Bite              |     6 |     4 ||    10
       Headbutt          |     4 |     2 ||     6
       Punch             |       |     2 ||     2
 Cast: Beastly Appendage |    12 |     5 ||    17
       Spider Form       |     5 |     3 ||     8
Evoke: Wand              |       |     2 ||     2
  Use: Scroll            |     4 |       ||     4
       Potion            |       |     2 ||     2
 Stab: Sleeping          |     7 |     4 ||    11
  Eat: Chunk             |    10 |     4 ||    14
Armor: Skin              |     8 |    14 ||    22
Dodge: Dodged            |   118 |    99 ||   217
